 Dungeon Crawl Stone Soup version 0.30-a0-1160-g6e42c06551 (webtiles) character file.

Game seed: 15980948817820399162

191 Firecrotchwizard the Digger (level 5, 0/28 HPs)
             Began as a Gargoyle Earth Elementalist on Apr 27, 2023.
             Slain by Duvessa
             ... wielding a +1 short sword of speed
              (2 damage)
             ... on level 3 of the Dungeon.
             The game lasted 00:05:21 (2473 turns).

Firecrotchwizard the Digger (GrEE)                  Turns: 2473, Time: 00:05:21

Health: 0/28       AC:  9    Str: 11    XL:     5   Next: 70%
Magic:  5/11       EV: 12    Int: 18    God:
Gold:   118        SH:  0    Dex: 16    Spells: 11/12 levels left

rFire   . . .        o - +9 short sword of Guile {freeze, SInv}
rCold   . . .        (no shield)
rNeg    + . .        a - +0 robe
rPois   ∞            (no helmet)
rElec   +            q - +2 cloak {Will+}
rCorr   .            (no gloves)
SInv    +            (no boots)
Will    +....        (no amulet)
Stlth   ++           k - +6 ring of dexterity
HPRegen 0.24/turn    (no ring)
MPRegen 0.12/turn

%: no passive effects
@: no status effects
A: sickness immunity, AC +4, negative energy resistance 1, electricity
resistance, torment resistance 1, petrification resistance
a: no special abilities


You were on level 3 of the Dungeon.
You visited 1 branch of the dungeon, and saw 4 of its levels.

You collected 118 gold pieces.

Inventory:

Hand Weapons
 o - the +9 short sword of Guile (weapon) {freeze, SInv}
   (You found it on level 2 of the Dungeon)

   SInv:      It lets you see invisible.
 s - a +0 dagger
Armour
 a - a +0 robe (worn)
 q - a +2 cloak of willpower (worn)
Jewellery
 k - a +6 ring of dexterity (left hand)
Scrolls
 d - a scroll of fear {unknown}
 f - 2 scrolls of poison {unknown}
 j - a scroll of teleportation {unknown}
 m - a scroll of identify {unknown}
 t - a scroll of immolation {unknown}
Potions
 b - a potion of magic
 c - a potion of heal wounds {unknown}
 e - a potion of invisibility {unknown}
 g - a potion of brilliance {unknown}
 h - 2 potions of mutation {unknown}
 i - a potion of resistance {unknown}
 l - 4 potions of haste {unknown}
 n - a potion of flight {unknown}
 p - 3 potions of attraction {unknown}
 r - 4 potions of curing {unknown}
 u - a potion of ambrosia {unknown}


   Skills:
 - Level 1.5 Dodging
 - Level 2.1 Stealth
 + Level 4.0 Spellcasting
 - Level 0.7 Transmutations
 + Level 5.8 Earth Magic


You had 11 spell levels left.
You knew the following spells:

 Your Spells              Type           Power      Damage    Failure   Level
a - Sandblast             Erth           48%        2d12      1%          1

Your spell library contained the following spells:

 Spells                   Type           Power      Damage    Failure   Level
 Passwall                 Tmut/Erth      12%        N/A       6%          2
 Stone Arrow              Conj/Erth      28%        3d8       13%         3
 Summon Small Mammal      Summ           12%        N/A       14%         1
 Petrify                  Tmut/Erth      15%        N/A       36%         4
 Call Canine Familiar     Summ           3%         N/A       41%         3
 Summon Guardian Golem    Hex/Summ       3%         N/A       41%         3


Dungeon Overview and Level Annotations

Branches:
Dungeon (4/15)
 Temple: D:4-7

Altars:

Annotations:
D:3 1 runed translucent door, Dowan; Duvessa; Lobster4's ghost, amateur HuCj


Innate Abilities, Weirdness & Mutations

You are immune to sickness and miasma.
Your stone body is resilient. (AC +4)
You are immune to poison.
You resist negative energy. (rN+)
You are resistant to electric shocks. (rElec)
You are resistant to unholy torment.
You are immune to petrification.


Message History

There is a stone staircase leading up here.
There is a stone staircase leading down here.
You climb downwards.
Found 6 gold pieces.
There is a stone staircase leading up here.
There are monsters nearby!
Casting: Sandblast (safe; 1% risk of failure)
Confirm with . or Enter, or press ? or * to list all spells.
You can't see any susceptible monsters within range! (Use Z to cast anyway.) Dowan shouts!
Duvessa shouts!
Dowan casts a spell at Duvessa.
Duvessa seems to speed up.
Casting: Sandblast (safe; 1% risk of failure)
Confirm with . or Enter, or press ? or * to list all spells.
Aiming: Sandblast (safe; 1% risk of failure)
Press: ? - help, Shift-Dir - straight line, f - Duvessa
Aim: Duvessa, wielding a +1 short sword of speed and wearing a +0 ring mail (fast, 87% to hit)
The blast of sand hits Duvessa.
Duvessa is lightly wounded.
Casting: Sandblast (safe; 1% risk of failure)
Confirm with . or Enter, or press ? or * to list all spells.
Aiming: Sandblast (safe; 1% risk of failure)
Press: ? - help, Shift-Dir - straight line, f/p - Duvessa
Aim: Duvessa, wielding a +1 short sword of speed and wearing a +0 ring mail (fast, 87% to hit)
The blast of sand hits Duvessa but does no damage.
Duvessa barely misses you.
Casting: Sandblast (safe; 1% risk of failure)
Confirm with . or Enter, or press ? or * to list all spells.
Aiming: Sandblast (safe; 1% risk of failure)
Press: ? - help, Shift-Dir - straight line, f/p - Duvessa
Aim: Duvessa, wielding a +1 short sword of speed and wearing a +0 ring mail (fast, 87% to hit)
The blast of sand hits Duvessa but does no damage.
Duvessa closely misses you.
Duvessa hits you with a +1 short sword of speed.
Duvessa says, "Did you see that move?
Perfect!"
Duvessa hits you but does no damage. Duvessa closely misses you.
Dowan hits you with a +0 dagger. Duvessa closely misses you.
You climb upwards.
Level annotation: 1 runed translucent door, Lobster4's ghost, amateur HuCj
There is a stone staircase leading down here.
Casting: Sandblast (safe; 1% risk of failure)
Confirm with . or Enter, or press ? or * to list all spells.
Aiming: Sandblast (safe; 1% risk of failure)
Press: ? - help, Shift-Dir - straight line, f - Dowan
Aim: Dowan, wielding a +0 dagger and wearing a +0 robe (76% to hit)
The blast of sand hits Dowan.
Dowan is moderately wounded.
Duvessa completely misses you. Duvessa barely misses you.
Dowan hits you but does no damage.
Duvessa hits you with a +1 short sword of speed.
Dowan hits you with a +0 dagger.
Casting: Sandblast (safe; 1% risk of failure)
Confirm with . or Enter, or press ? or * to list all spells.
Aiming: Sandblast (safe; 1% risk of failure)
Press: ? - help, Shift-Dir - straight line, f/p - Dowan
Aim: Dowan, wielding a +0 dagger and wearing a +0 robe (moderately wounded, 76% to hit)
The blast of sand misses Dowan.
Duvessa hits you with a +1 short sword of speed!
* * * LOW HITPOINT WARNING * * *
Duvessa misses you. Duvessa hits you but does no damage.
Dowan hits you but does no damage.
Duvessa hits you with a +1 short sword of speed.
* * * LOW HITPOINT WARNING * * *
You puncture Duvessa! You freeze Duvessa.
Duvessa is moderately wounded.
Duvessa closely misses you.
Dowan mumbles some strange words.
Dowan blinks!
Duvessa says, "My weaknesses are his strengths!"
Duvessa barely misses you.
You hit Duvessa. You freeze Duvessa.
Duvessa is moderately wounded.
Duvessa hits you with a +1 short sword of speed.
* * * LOW HITPOINT WARNING * * *
Duvessa hits you but does no damage.
Casting: Sandblast (safe; 1% risk of failure)
Confirm with . or Enter, or press ? or * to list all spells.
Aiming: Sandblast (safe; 1% risk of failure)
Press: ? - help, Shift-Dir - straight line, f - Duvessa, p - Dowan
Aim: Duvessa, wielding a +1 short sword of speed and wearing a +0 ring mail (moderately wounded, fast, 87% to hit)
The blast of sand hits Duvessa!
Duvessa is severely wounded.
Duvessa gestures with her weapon.
Duvessa hits you with a +1 short sword of speed.
* * * LOW HITPOINT WARNING * * *
Duvessa closely misses you.
Dowan points at you and mumbles some strange words.
You resist with almost no effort. Duvessa completely misses you.
Duvessa closely misses you.
Casting: Sandblast (safe; 1% risk of failure)
Confirm with . or Enter, or press ? or * to list all spells.
Aiming: Sandblast (safe; 1% risk of failure)
Press: ? - help, Shift-Dir - straight line, f/p - Duvessa
Aim: Duvessa, wielding a +1 short sword of speed and wearing a +0 ring mail (severely wounded, fast, 87% to hit)
The blast of sand hits Duvessa but does no damage.
Duvessa is severely wounded.
Duvessa hits you with a +1 short sword of speed.
You die...

#......# ############......#
#########..........#......####
#......##..........#.........#
#......##.....e....#......##.##
#......##.................##... #
#......##......................
###......##......e...############
.##......#######@...## ..#......#
####.#### ..#......####....##
..........#.......###
..#......^..........#
..#...<...........#.#
..................#.# #
..................#.# #
..#...............#.## #


You could see Duvessa (fast) and Dowan.

Vanquished Creatures
  Jessica (D:2)
  Natasha (thrice) (D:3)
  2 adders
  3 worms (D:2)
  A dart slug (D:1)
  7 ball pythons
  6 bats
  7 endoplasms
  5 giant cockroaches
  5 goblins
  5 hobgoblins
  4 jackals (D:2)
  2 kobolds (D:1)
  4 quokkas
  2 frilled lizards
  2 rats (D:1)
59 creatures vanquished.

Vanquished Creatures (others)
  A bat (D:1)
1 creature vanquished.

Grand Total: 60 creatures vanquished

Notes
Turn   | Place    | Note
-------+----------+-------------------------------------------
     0 | D:1      | Firecrotchwizard the Gargoyle Earth Elementalist began the
                  | quest for the Orb.
     0 | D:1      | Reached XP level 1. HP: 10/10 MP: 3/3
   223 | D:1      | Reached XP level 2. HP: 12/15 MP: 3/5
   274 | D:1      | Reached skill level 4 in Earth Magic
  1279 | D:2      | Reached XP level 3. HP: 19/19 MP: 6/6
  1352 | D:2      | Noticed Jessica
  1356 | D:2      | Killed Jessica
  1460 | D:2      | Reached XP level 4. HP: 24/24 MP: 4/8
  1658 | D:2      | Reached skill level 5 in Earth Magic
  1742 | D:2      | Identified the +9 short sword of Guile {freeze, SInv}
  2018 | D:3      | Noticed Natasha
  2023 | D:3      | Killed Natasha
  2024 | D:3      | Reached XP level 5. HP: 28/28 MP: 7/10
  2038 | D:3      | Noticed Natasha
  2041 | D:3      | Killed Natasha
  2066 | D:3      | Found a runed translucent door.
  2091 | D:3      | Noticed Lobster4's ghost (amateur HuCj)
  2105 | D:3      | Found a faded altar of an unknown god.
  2113 | D:3      | Noticed Natasha
  2118 | D:3      | Killed Natasha
  2459 | D:4      | Noticed Duvessa
  2459 | D:4      | Noticed Dowan
  2473 | D:3      | Slain by Duvessa

Illustrated notes

Levels and vault maps discovered:
D:1:      minmay_arrival_jagged, layout_basic, serial_forest,
          infiniplex_forest_lined_room_2, infiniplex_forest_clump_medium,
          infiniplex_forest_clump_tiny, infiniplex_forest_lined_2,
          infiniplex_forest_zigzag_1, infiniplex_forest_zigzag_1,
          infiniplex_forest_straight_1, infiniplex_forest_fountain
D:2:      layout_rooms, uniq_jessica
D:3:      layout_rooms, ebering_ghost_reflecting_pool,
          hellmonk_ecumenical_altar_pennies_from_heaven, uniq_natasha
D:4:      layout_rooms, mainiacjoe_overflow_brackets, hex_large, uniq_duvessa

Skill      XL: |  1  2  3  4  5 |
---------------+----------------+-----
Earth Magic    | 4 5 |  5.8
Spellcasting   | 3 4 |  4.0
Dodging        | |  1.5
Stealth        | |  2.1
Transmutations | |  0.7

Action                     |  1- 3 |  4- 6 || total
---------------------------+-------+-------++-------
  Melee: Unarmed           |    90 |       ||    90
         Punch             |     1 |       ||     1
         Dagger            |    20 |    29 ||    49
         Short sword       |       |    27 ||    27
   Cast: Sandblast         |    21 |    17 ||    38
   Stab: Sleeping          |     2 |     6 ||     8
 Armour: Robe              |    59 |    32 ||    91
  Dodge: Dodged            |    87 |    60 ||   147

Table legend: (Time is in decaauts)
 A = Elapsed time spent in this place.
 B = Non-inter-level travel time spent in this place.
 C = Inter-level travel time spent in this place.
 D = Time resting spent in this place.
 E = Time spent auto-exploring this place.
 F = Levels seen in this place.
 G = Mean time per level.
                   A        B        C        D        E       F      G
               +--------+--------+--------+--------+--------+-----+--------+
         Total |   2492 |   2393 |     99 |    212 |   1740 |   4 |  623.0 |
       Dungeon |   2492 |   2393 |     99 |    212 |   1740 |   4 |  623.0 |
               +--------+--------+--------+--------+--------+-----+--------+

Top non-repeatable levels by time:
     D:1: 1183 daAuts
     D:2: 846 daAuts
     D:3: 453 daAuts
     D:4: 9 daAuts
